 Dungeon Crawl Stone Soup version 0.17.1-3-g152610e (webtiles) character file.

1104 MenacingMecha the Magician (level 8, -3/44 HPs)
             Began as a Deep Elf Wizard on Feb 21, 2016.
             Was a Believer of Sif Muna.
             Slain by an orc warrior
             ... wielding a +0 scimitar
              (17 damage)
             ... on level 7 of the Dungeon.
             The game lasted 00:32:04 (7559 turns).

MenacingMecha the Magician (Deep Elf Wizard)        Turns: 7559, Time: 00:32:04

Health: -3/44      AC:  4    Str:  5    XL:     8   Next: 11%
Magic:  0/20       EV: 13    Int: 25    God:    Sif Muna [**....]
Gold:   281        SH:  0    Dex: 13    Spells: 6 memorised, 7 levels left

rFire  . . .     SeeInvis .     b - +0 trident
rCold  . . .     Clarity  .     a - +0 robe
rNeg   + . .     SustAt   .     (no shield)
rPois  +         Gourm    .     y - +0 helmet
rElec  .         Spirit   .     (no cloak)
rCorr  .         Warding  +     K - +0 pair of gloves
rMut   .         Stasis   .     (no boots)
MR     .....                    D - amulet of warding
Stlth  ++........               N - ring of wizardry
                                i - ring of poison resistance

@: repel missiles, not resistant to hostile enchantments, unstealthy
A: no striking features
a: Channel Energy, Forget Spell, Renounce Religion


You were on level 7 of the Dungeon.
You worshipped Sif Muna.
Sif Muna was pleased with you.
You were not hungry.

You visited 1 branch of the dungeon, and saw 7 of its levels.

You collected 281 gold pieces.

Inventory:

Hand Weapons
 b - a +0 trident (weapon)
Armour
 a - a +0 robe (worn)
 y - a +0 helmet (worn)
 K - a +0 pair of gloves (worn)
Jewellery
 i - a ring of poison resistance (left hand)
 n - an uncursed ring of poison resistance
 t - an uncursed amulet of guardian spirit
 D - an amulet of warding (around neck)
 N - a ring of wizardry (right hand)
Wands
 x - a wand of random effects (23)
 C - a wand of lightning (5)
Scrolls
 e - 2 scrolls of enchant armour {unknown}
 g - a scroll of amnesia {unknown}
 h - 2 scrolls of recharging {unknown}
 j - 8 scrolls of identify {unknown}
 k - 3 scrolls of enchant weapon {unknown}
 m - a scroll of immolation {unknown}
 p - 3 scrolls of remove curse {unknown}
 u - a scroll of fog {unknown}
 B - 2 scrolls of teleportation {unknown}
 I - a scroll of random uselessness {unknown}
Potions
 o - a potion of ambrosia {unknown}
 q - 4 potions of curing {unknown}
 r - 3 potions of mutation {unknown}
 s - 2 potions of agility {unknown}
 v - a potion of haste {unknown}
 w - a potion of cure mutation {unknown}
 z - 2 potions of invisibility {unknown}
 A - 2 potions of cancellation {unknown}
 E - a potion of degeneration {unknown}
 F - a potion of poison {unknown}
 G - a potion of flight {unknown}
 J - a potion of brilliance {unknown}
Books
 c - a book of Minor Magic

   Spells                             Type                      Level
   a - Magic Dart                     Conjuration                  1
   b - Blink                          Translocation                2
   c - Call Imp                       Summoning                    2
   d - Repel Missiles                 Charms/Air                   2
   e - Slow                           Hexes                        2
   f - Conjure Flame                  Conjuration/Fire             3
   g - Mephitic Cloud                 Conjuration/Poison/Air       3
Comestibles
 d - 2 bread rations
 f - 3 meat rations
 l - 4 beef jerkies
 H - a royal jelly
 L - 4 fruits


   Skills:
 - Level 2.0 Fighting
 - Level 4.0 Dodging
 - Level 2.4 Stealth
 + Level 6.9 Spellcasting
 + Level 6.2 Conjurations
 + Level 3.1 Hexes
   Level 1.1 Summonings
 - Level 2.2 Translocations
 + Level 3.7 Air Magic


You had 7 spell levels left.
You knew the following spells:

 Your Spells              Type           Power        Failure   Level  Hunger
a - Magic Dart            Conj           ####         1%          1    None
b - Blink                 Tloc           N/A          1%          2    None
c - Repel Missiles        Chrm/Air       ###...       2%          2    None
d - Mephitic Cloud        Conj/Pois/Air  ####....     2%          3    None
e - Conjure Flame         Conj/Fire      ###.....     3%          3    None
f - Slow                  Hex            ###.....     1%          2    None


Dungeon Overview and Level Annotations

Branches:
Dungeon (7/15)             Temple (0/1) D:6

Altars:
Makhleb
Nemelex Xobeh
Sif Muna
Trog
Vehumet
The Shining One

Shops:
D:4 *

Annotations:
D:2 Sigmund


Message History

Aiming: Magic Dart
Press: ? - help, Shift-Dir - straight line, f/p - orc warrior
Aim: an orc warrior, wielding a scimitar and wearing a chain mail (almost dead, slow)
The magic dart hits the orc warrior.
The orc warrior is almost dead.
The orc warrior is no longer moving slowly.
Found 9 gold pieces.
Found a quarterstaff.
Casting: Magic Dart
Confirm with . or Enter, or press ? or * to list all spells.
Aiming: Magic Dart
Press: ? - help, Shift-Dir - straight line, f/p - orc warrior
Aim: an orc warrior, wielding a scimitar and wearing a chain mail (almost dead)
Okay, then.
You see here 9 gold pieces.
Casting: Magic Dart
Confirm with . or Enter, or press ? or * to list all spells.
You blink.
The orc warrior hits you with a scimitar!
You die...

............##....#
............##....#
............##....#
.....###.#####....####
......##.#####.......#
##....##.#.ยง.O.....#.#
#.......#.........).#
#....####.....o..####
#....# #......@...#
#....##########....##
###.....##........%.#
#####.##..........#
#.##..........#
#.##..........#
#.##..........#
#.##..........#
#.##..........#


You could see an orc warrior and an ogre.

Vanquished Creatures
  A hippogriff (D:7)
  An ogre (D:6)
  An ice beast (D:6)
  A crimson imp (D:6)
  4 orc priests
  An iguana (D:6)
  A giant frog skeleton (D:6)
  An orc wizard (D:7)
  6 worker ants
  4 hounds
  Terence (D:2)
  A hound skeleton (D:4)
  3 gnolls (D:3)
  14 adders
  A shadow imp (D:7)
  An ooze (D:5)
  2 adder skeletons
  4 worms
  9 orcs
  3 ball pythons
  9 bats
  3 hobgoblins
  8 kobolds
  5 quokkas
  2 giant cockroaches
  3 giant geckos
  3 giant gecko skeletons
  A giant gecko zombie (D:6)
  4 giant newts
  2 goblins
  A jackal skeleton (D:6)
  A jackal zombie (D:6)
  10 rats
112 creatures vanquished.

Notes
Turn   | Place    | Note
--------------------------------------------------------------
     0 | D:1      | MenacingMecha the Deep Elf Wizard began the quest for the Orb.
     0 | D:1      | Reached XP level 1. HP: 10/10 MP: 7/7
    26 | D:1      | You fall through a shaft!
   348 | D:2      | Reached XP level 2. HP: 15/15 MP: 0/9
   510 | D:2      | Learned a level 2 spell: Blink
   513 | D:2      | Learned a level 2 spell: Repel Missiles
   519 | D:2      | Noticed Sigmund
   808 | D:1      | Reached XP level 3. HP: 19/19 MP: 9/11
  1302 | D:1      | Learned a level 3 spell: Mephitic Cloud
  1306 | D:1      | Learned a level 3 spell: Conjure Flame
  1418 | D:2      | Reached skill level 5 in Spellcasting
  1654 | D:2      | Noticed Terence
  1890 | D:2      | Killed Terence
  1890 | D:2      | Reached XP level 4. HP: 19/24 MP: 0/13
  2162 | D:3      | Reached skill level 1 in Fighting
  2486 | D:3      | Reached XP level 5. HP: 27/29 MP: 5/14
  3128 | D:3      | Found a glowing golden altar of the Shining One.
  3177 | D:3      | Found a burning altar of Makhleb.
  3904 | D:4      | Found a deep blue altar of Sif Muna.
  3942 | D:4      | Became a worshipper of Sif Muna the Loreminder
  4048 | D:4      | Reached skill level 1 in Air Magic
  4048 | D:4      | Reached XP level 6. HP: 35/35 MP: 7/16
  4113 | D:4      | Found Quidal's Assorted Antiques.
  4779 | D:5      | Entered Level 5 of the Dungeon
  4870 | D:5      | Found a radiant altar of Vehumet.
  4933 | D:5      | Found a bloodstained altar of Trog.
  5030 | D:5      | Reached skill level 6 in Spellcasting
  5996 | D:6      | Found a staircase to the Ecumenical Temple.
  6094 | D:6      | Reached skill level 5 in Conjurations
  6094 | D:6      | Reached XP level 7. HP: 40/40 MP: 1/18
  6645 | D:6      | Reached * piety under Sif Muna
  6700 | D:7      | Learned a level 2 spell: Slow
  7033 | D:6      | Reached skill level 1 in Hexes
  7249 | D:6      | Reached XP level 8. HP: 44/44 MP: 0/20
  7516 | D:7      | Found a sparkling altar of Nemelex Xobeh.
  7518 | D:7      | Reached ** piety under Sif Muna
  7559 | D:7      | Slain by an orc warrior

Action                   |  1- 3 |  4- 6 |  7- 9 || total
-------------------------+-------+-------+-------++-------
Melee: Unarmed           |     2 |       |       ||     2
       Mace              |    19 |    18 |       ||    37
       Trident           |       |    95 |   109 ||   204
 Cast: Magic Dart        |    84 |   142 |    72 ||   298
       Repel Missiles    |     1 |       |       ||     1
       Mephitic Cloud    |     5 |    12 |     6 ||    23
       Conjure Flame     |       |     1 |     9 ||    10
       Blink             |       |       |     8 ||     8
       Slow              |       |       |     5 ||     5
Invok: Channel Energy    |       |       |     3 ||     3
 Stab: Sleeping          |     3 |     2 |     1 ||     6
       Confused          |     3 |     3 |       ||     6
  Eat: Chunk             |     3 |    11 |     6 ||    20
       Pizza             |       |     1 |       ||     1
